AoeStats
← gephymapasa

Arabia

505203594Analyzed
1v1 RM · 25d ago on Sep 8, 2026· 31m 18s· 2 players
Game mode
Random Map
Map size
Tiny (2 player)
Population
200
Speed
Normal
Resources
Standard
Victory
Conquest
Starting age
Dark Age
Ending age
Imperial Age
RankedLock teamsTeams togetherTeam positionsShared explorationLock speedFull tech treeHidden civsTurbo modeCheats
Victory
Defeat
🇵🇰 Dravidians · Pakistan
872
+16
🇩🇪 Armenians · Germany
875
-16
Uncertain
9:56 Feudal Age
11:48 Double-Bit Axe
11:46 Horse Collar
12:06 Loom
15:05 Fletching
16:46 Padded Archer Armor
22:38 Castle Age
21:06 Gold Mining
23:22 Bodkin Arrow
23:30 Husbandry
gephymapasa
7:41 Loom
10:33 Feudal Age
11:20 Double-Bit Axe
11:09 Man-at-Arms
12:38 Arson
14:22 Gold Mining
17:41 Fletching
19:32 Padded Archer Armor
24:35 Castle Age
24:41 Bloodlines
25:10 Elite Skirmisher
28:36 Scale Mail Armor
30:49 Bodkin Arrow
Connection lost

Rejoining the realm…

Still unreachable

The connection could not be restored.

Session expired

The server has moved on; the page needs a fresh start.